 Dungeon Crawl Stone Soup version 0.30-b1-2-g02819fbbbe (webtiles) character file.

Game seed: 16897705318207501308

37214 LLlMATKO the Fighter (level 13, -4/125 HPs)
             Began as a Minotaur Berserker on Nov 1, 2023.
             Was a High Priest of Trog.
             Killed by the air
             ... invoked by a wind drake
              (7 damage)
             ... on level 5 of the Lair of Beasts.
             The game lasted 00:15:00 (13219 turns).

LLlMATKO the Fighter (Minotaur Berserker)          Turns: 13219, Time: 00:15:00

Health: -4/125     AC: 16    Str: 27    XL:     13   Next: 57%
Magic:  12/12      EV: 21    Int:  4    God:    Trog [*****.]
Gold:   850        SH: 11    Dex: 13    Spells: 12/12 levels left

rFire   + . .        s - +0 broad axe (heavy)
rCold   + . .        W - +2 kite shield {rF+}
rNeg    + + .        K - +0 ring mail of Ufasupt {rElec rN++ Dex+3 Slay+3}
rPois   .            (helmet restricted)
rElec   +            L - +0 cloak
rCorr   .            r - +2 pair of gloves
SInv    .            I - +1 pair of boots
Will    ++...        (no amulet)
Stlth   +            t - ring of protection from cold
HPRegen 1.40/turn    H - +5 ring of evasion
MPRegen 0.13/turn

%: no passive effects
@: strong-willed (expiring), on berserk cooldown, regenerating (expiring),
slowed, very slow
A: horns 2, retaliatory headbutt
a: Renounce Religion, Berserk, Trog's Hand, Brothers in Arms


You were on level 5 of the Lair of Beasts.
You worshipped Trog.
Trog was extremely pleased with you.
You visited 2 branches of the dungeon, and saw 14 of its levels.
You also visited: Volcano.

You collected 982 gold pieces.
You spent 132 gold pieces at shops.

Inventory:

Hand Weapons
 a - a +0 hand axe
 s - a +0 heavy broad axe (weapon)
 S - a +7 antimagic war axe
Missiles
 b - 23 poisoned darts (quivered)
 i - a curare-tipped dart
 C - a throwing net
Armour
 r - a +2 pair of gloves (worn)
 I - a +1 pair of boots (worn)
 K - the +0 ring mail of Ufasupt (worn) {rElec rN++ Dex+3 Slay+3}
   (You took it off an orc on level 7 of the Dungeon)

   Dex:       It affects your dexterity (+3).
   Slay:      It affects your accuracy & damage with ranged weapons and melee
   (+3).
   rElec:     It insulates you from electricity.
   rN:        It greatly protects you from negative energy.
 L - a +0 cloak (worn)
 W - a +2 kite shield of fire resistance (worn)
 X - a +2 chain mail of fire resistance
Jewellery
 n - a ring of protection from fire
 o - a ring of resist corrosion
 t - a ring of protection from cold (left hand)
 y - a ring of fire
 E - a ring of willpower
 F - a +4 ring of protection
 G - a +6 ring of dexterity
 H - a +5 ring of evasion (right hand)
 J - a ring of see invisible
 Y - a +4 ring of protection
 Z - a +4 ring of protection
Wands
 x - a wand of flame (40)
 M - a wand of iceblast (12)
 O - a wand of quicksilver (5)
Scrolls
 c - 2 scrolls of immolation
 e - 9 scrolls of teleportation
 f - a scroll of identify
 g - 2 scrolls of poison
 h - a scroll of enchant armour
 j - a scroll of fog
 k - 4 scrolls of magic mapping
 l - 4 scrolls of amnesia {unknown}
 p - 2 scrolls of enchant weapon {unknown}
 q - 3 scrolls of noise {unknown}
 B - 2 scrolls of fear {unknown}
 D - 4 scrolls of vulnerability {unknown}
 P - 2 scrolls of blinking {unknown}
Potions
 d - 4 potions of might
 m - 5 potions of curing
 w - a potion of resistance
 z - 2 potions of brilliance {unknown}
 A - 2 potions of heal wounds
 N - a potion of flight {unknown}
 Q - a potion of berserk rage {unknown}
 R - a potion of magic {unknown}
 T - a potion of experience {unknown}
 U - a potion of invisibility {unknown}
 V - a potion of haste {unknown}


   Skills:
 + Level 14.3 Fighting
 + Level 14.2 Axes
 + Level 14.0 Armour
 + Level 12.9 Dodging
 + Level 5.4 Shields


You had 12 spell levels left.
You didn't know any spells.
Your spell library was empty.

Dungeon Overview and Level Annotations

Branches:
Dungeon (9/15)             Temple (0/1) D:6            Lair (5/5) D:8
 Shoals (0/4) Lair:3       Spider (0/4) Lair:3        Slime (0/5) Lair:5
Volcano (visited)
    Orc: D:9-12

Altars:
Cheibriados
Gozag
Kikubaaqudgha
Makhleb
Nemelex Xobeh
Okawaru
Sif Muna
Vehumet
Wu Jian
Zin

Shops:
D:2 :(((?   D:8 (

Annotations:
Lair:1 2 runed translucent doors, Firil's ghost, journeyman OpFE


Innate Abilities, Weirdness & Mutations

You have a pair of horns on your head.
You reflexively headbutt those who attack you in melee.


Message History

You block the skyshark's attack. The skyshark misses you.
The skyshark completely misses you. The wind drake flaps its wings at you.
The air twists around and strikes you!
You slice the skyshark!!
You kill the skyshark!
Trog accepts your kill.
You slash the wind drake!
The wind drake exhales a fierce blast of wind!
You are knocked back by the gust of wind.
The snapping turtle bites you from afar!!
You slice the wind drake!! Your headbutt misses the wind drake.
The wind drake is heavily wounded.
The wind drake bites you but does no damage.
You block the snapping turtle's attack. You block the wind drake's attack.
You block the snapping turtle's attack. The wind drake flaps its wings at you.
The air twists around and strikes you.
You slice the wind drake!!
The wind drake is almost dead.
You hear the faint crackling of a very distant melting archway.
You block the wind drake's attack.
The snapping turtle bites you from afar.
You block the snapping turtle's attack. You block the wind drake's attack.
The snapping turtle bites you from afar.
You barely miss the wind drake.
The wind drake is almost dead.
You feel the effects of Trog's Hand fading.
The wind drake exhales a fierce blast of wind!
You are knocked back by the gust of wind.
You slam into the rock wall!
* * * LOW HITPOINT WARNING * * *
The wind drake flaps its wings at you. The air twists around and strikes you!
* * * LOW HITPOINT WARNING * * *
The snapping turtle bites you from afar!
* * * LOW HITPOINT WARNING * * *
The wind drake flaps its wings at you. The air twists around and strikes you!
You die...

*,*,,,**,,,***,,,,*,,,,,*,,,,
**,,,,......*P......,,,,,,,,,
*,,,,,..............,,,,~,,,
*,,,,....<...........,,,~**~
**,,,................,,,,~,~
*,,,,...>............,,,,~~~
*,,,,*.....#.........,,,~~~~
**,,**##.##..........,,,~**~
*,,**##...#@.t.....[.,,,,~*~
*,,,##.....#k).......,,,~~,~
*...#....<††.........,,,,~~~
*P.......††.....?....,,,,**~
*...#.#...#..........,,,,~~,
*,,*#,#..#..............~~~~
**,**#..#...[............~~~
*,,,....................~,*~
**,..................Y..~**~


You could see a snapping turtle and a wind drake (repels missiles, catching
breath).

Vanquished Creatures
  A fire dragon (Volcano)
  5 two-headed ogres
  A boulder beetle (Lair:4)
  Amaemon (Lair:3)
  A skyshark (Lair:5)
  A lindwurm (Lair:2)
  2 manticores
  3 salamanders (Volcano)
  11 elephants
  Maurice (D:8)
  Joseph (D:8)
  A black mamba (Lair:5)
  11 cane toads
  3 rime drakes
  An orange demon (Lair:3)
  8 komodo dragons
  2 polar bears
  A wind drake (Lair:3)
  A meliai (Lair:3)
  Prince Ribbit (D:5)
  6 blink frogs (Lair:4)
  6 dream sheep (Lair:5)
  Sigmund (D:5)
  39 yaks
  7 wyverns (Volcano)
  6 fire bats (Volcano)
  Eustachio (D:6)
  2 basilisks
  4 steam dragons
  17 water moccasins
  5 ice beasts
  5 black bears
  A sky beast (D:7)
  2 ogres (Volcano)
  3 centaurs
  9 wolves
  Blork the orc (D:5)
  A kobold brigand (D:7)
  6 bullfrogs
  5 scorpions
  8 wights
  6 killer bees
  An electric eel (Lair:4)
  6 howler monkeys
  2 hounds
  3 jellies
  3 orc priests
  4 gnoll boudas
  Terence (D:3)
  4 iguanas (D:5)
  An orc wizard (D:7)
  12 gnolls
  9 adders
  A shadow imp (D:7)
  2 white imps
  A worm (D:2)
  A dart slug (D:3)
  22 orcs
  A bat (D:2)
  8 endoplasms
  3 giant cockroaches (D:1)
  7 goblins
  4 hobgoblins
  5 jackals
  4 quokkas
  6 ball pythons
  4 frilled lizards
  7 kobolds
  4 rats
324 creatures vanquished.

Vanquished Creatures (collateral kills)
  An elephant (Lair:5)
  A cane toad (Lair:5)
  A water moccasin (Lair:5)
3 creatures vanquished.

Vanquished Creatures (others)
  A sky beast (D:7)
  2 orcs (D:3)
  A ball python (D:3)
  A rat (D:3)
  23 fungi
  81 plants
  A withered plant (D:5)
110 creatures vanquished.

Grand Total: 437 creatures vanquished

Notes
Turn   | Place    | Note
-------+----------+-------------------------------------------
     0 | D:1      | LLlMATKO the Minotaur Berserker began the quest for the
                  | Orb.
     0 | D:1      | Reached XP level 1. HP: 19/19 MP: 0/0
   317 | D:1      | Reached XP level 2. HP: 27/27 MP: 1/1
   862 | D:2      | Found Oplouc's Antique Weapon Shoppe.
   897 | D:2      | Found Zoahoem's Antique Weapon Boutique.
   902 | D:2      | Found Ycweriu's Book Shop.
   959 | D:2      | Reached XP level 3. HP: 26/33 MP: 2/2
  1032 | D:2      | Found Agromuq's Weapon Shoppe.
  1173 | D:2      | Reached ** piety under Trog
  1230 | D:2      | Found Jiudoeck's Magic Scroll Boutique.
  1351 | D:2      | Reached XP level 4. HP: 41/41 MP: 3/3
  1714 | D:3      | Found a radiant altar of Vehumet.
  2013 | D:3      | Noticed Terence
  2021 | D:3      | Killed Terence
  2022 | D:3      | Reached XP level 5. HP: 35/47 MP: 4/4
  2121 | D:3      | Found an iron altar of Okawaru.
  2298 | D:3      | Found a faded altar of an unknown god.
  2402 | D:3      | Found an ornate altar of the Wu Jian Council.
  2596 | D:2      | Bought a broad axe for 132 gold pieces
  2683 | D:4      | Noticed a black bear
  2690 | D:4      | Killed a black bear
  2691 | D:4      | Reached skill level 5 in Fighting
  2691 | D:4      | Reached skill level 5 in Axes
  2691 | D:4      | Reached XP level 6. HP: 56/56 MP: 5/5
  2942 | D:4      | Found a glowing silver altar of Zin.
  2943 | D:4      | Found a sparkling altar of Nemelex Xobeh.
  3013 | D:4      | Identified the +5 great sword of Peeth {heavy, rPois rC+}
  3163 | D:5      | Entered Level 5 of the Dungeon
  3174 | D:5      | Found a burning altar of Makhleb.
  3175 | D:5      | Found a snail-covered altar of Cheibriados.
  3667 | D:5      | Noticed a komodo dragon
  3676 | D:5      | Killed a komodo dragon
  3677 | D:5      | Reached skill level 5 in Armour
  3677 | D:5      | Reached XP level 7. HP: 12/63 MP: 6/6
  3857 | D:5      | Noticed Sigmund
  3862 | D:5      | Reached *** piety under Trog
  3868 | D:5      | Killed Sigmund
  3869 | D:5      | Reached skill level 5 in Dodging
  3951 | D:5      | Noticed Prince Ribbit
  3961 | D:5      | Killed Prince Ribbit
  3962 | D:5      | Reached XP level 8. HP: 40/71 MP: 7/7
  4103 | D:5      | Found an ancient bone altar of Kikubaaqudgha.
  4111 | D:5      | Noticed Blork the orc
  4120 | D:5      | Killed Blork the orc
  4380 | D:6      | Found a staircase to the Ecumenical Temple.
  4796 | D:6      | Noticed Eustachio
  4805 | D:6      | Killed Eustachio
  5372 | D:7      | Identified the +0 ring mail of Ufasupt {rElec rN++ Dex+3
                  | Slay+3}
  5383 | D:7      | Reached XP level 9. HP: 81/81 MP: 8/8
  5755 | D:7      | Noticed a manticore
  5771 | D:7      | Killed a manticore
  5950 | D:7      | Reached **** piety under Trog
  6079 | D:7      | Noticed a komodo dragon
  6089 | D:7      | Killed a komodo dragon
  6097 | D:7      | Reached XP level 10. HP: 77/91 MP: 9/9
  6846 | D:8      | Noticed Joseph
  6858 | D:8      | Killed Joseph
  6903 | D:8      | Found a staircase to the Lair.
  6929 | D:8      | Reached skill level 10 in Fighting
  6951 | D:8      | Noticed Maurice
  6962 | D:8      | Killed Maurice
  6963 | D:8      | Reached skill level 10 in Axes
  7084 | D:8      | Found Naudo Bangy's Antique Weapon Boutique.
  7234 | D:8      | Found an opulent altar of Gozag.
  7361 | D:8      | Found a shimmering blue altar of Sif Muna.
  7384 | D:9      | Noticed a two-headed ogre
  7390 | D:9      | Killed a two-headed ogre
  7391 | D:9      | Reached skill level 10 in Armour
  7415 | Lair:1   | Entered Level 1 of the Lair of Beasts
  7415 | Lair:1   | Noticed an elephant
  7415 | Lair:1   | Noticed an elephant
  7415 | Lair:1   | Noticed an elephant
  7528 | Lair:1   | Killed an elephant
  7530 | Lair:1   | Killed an elephant
  7531 | Lair:1   | Killed an elephant
  7595 | Lair:1   | Reached XP level 11. HP: 85/101 MP: 10/10
  7960 | Lair:1   | Reached skill level 10 in Dodging
  8306 | Lair:1   | Found a large runed translucent door.
  8306 | Lair:1   | Found a large runed translucent door.
  8442 | Lair:1   | Noticed Firil's ghost (journeyman OpFE)
  8577 | Lair:2   | Reached ***** piety under Trog
  8994 | Lair:2   | Noticed a lindwurm
  8995 | Lair:2   | Found a dark tunnel.
  9024 | Lair:2   | Killed a lindwurm
  9072 | Volcano  | Entered a volcano
  9099 | Volcano  | Noticed a two-headed ogre
  9109 | Volcano  | Killed a two-headed ogre
  9177 | Volcano  | Noticed a two-headed ogre
  9187 | Volcano  | Killed a two-headed ogre
  9192 | Volcano  | Reached XP level 12. HP: 113/113 MP: 11/11
  9443 | Volcano  | Noticed a two-headed ogre
  9450 | Volcano  | Killed a two-headed ogre
  9779 | Volcano  | Received a gift from Trog
  9800 | Volcano  | Noticed a fire dragon
  9805 | Volcano  | Noticed a two-headed ogre
  9808 | Volcano  | Killed a fire dragon
  9812 | Volcano  | Killed a two-headed ogre
 11209 | Lair:3   | Reached skill level 1 in Shields
 11245 | Lair:3   | Found a hole to the Spider Nest.
 11625 | Lair:3   | Found the +8 whip "Snakebite" {venom, curare, rPois}
 11695 | Lair:3   | Noticed Amaemon
 11705 | Lair:3   | Killed Amaemon
 11709 | Lair:3   | Reached XP level 13. HP: 117/123 MP: 12/12
 11987 | Lair:3   | Found a staircase to the Shoals.
 12796 | Lair:4   | Received a gift from Trog
 13114 | Lair:5   | Entered Level 5 of the Lair of Beasts
 13187 | Lair:5   | Found a staircase to the Slime Pits.
 13198 | Lair:5   | Reached skill level 5 in Shields
 13219 | Lair:5   | HP: 3/125 [snapping turtle (10)]
 13219 | Lair:5   | Killed from afar by a wind drake

Illustrated notes

Levels and vault maps discovered:
D:1:      dpeg_arrival_tiny_e, layout_basic, feat_on_display
D:2:      layout_loops_corners, serial_shops, shop, shop, shop, shop_statue,
          shop, minivault_14, cheibrodos_gnoll_hut
D:3:      layout_loops_ring, mainiacjoe_overflow_tiny_flanked,
          mainiacjoe_overflow_alcove_2, fiery_altar_vehumet,
          nicolae_ecumenical_oubliette, minmay_close_crescents, uniq_terence
D:4:      layout_cave_pools, grunt_temple_overflow_open
D:5:      layout_loops_cross, mainiacjoe_overflow_large_starburst,
          kiku_gazebo_garden_becter, uniq_blork_the_orc, uniq_sigmund,
          uniq_prince_ribbit1
D:6:      layout_gridville, minmay_temple_entry_trees, grunt_decor_fettered,
          uniq_eustachio
D:7:      wad_guarded_room, layout_loops_ring, nrook_mini_backslash,
          hangedman_decor_push
D:8:      layout_loops_ring, overflow_temple_1_default, led_sif_pool,
          lair_entry_dummy, serial_shops, shop, dreamdust_gnoll_shepherd,
          uniq_maurice, uniq_joseph
D:9:      minmay_tri_box, layout_basic, nicolae_hepliaklqana_hazy_memory,
          nicolae_overflow_crystal_walls, hangedman_decor_lopped, uniq_pikel,
          uniq_harold
Lair:1:   layout_chaotic_city, ebering_ghost_disaster_area
Lair:2:   layout_misc_corridors, nicolae_volcano_entry_vermiform
Lair:3:   minmay_guarded_unrand_snakebite, layout_chaotic_city,
          minmay_shoals_entry_beasts, hellmonk_spider_entry_not_the_bees,
          uniq_amaemon
Lair:4:   layout_cave_pods, serial_bayou_ford_a
Lair:5:   gammafunk_lair_ancient_temple, layout_regular_city, slime_entry_1,
          portal_ice_cave_entry_animals_and_master, lemuel_centaur_altar

Skill      XL: |  1  2  3  4  5  6  7  8  9 10 11 12 13 |
---------------+----------------------------------------+-----
Fighting       | 4 5 6 7 9 10 12 13 14 | 14.3
Axes           | 4 5 6 7 9 10 12 13 14 | 14.2
Armour         | 3 4 5 6 7 9 10 12 13 14 | 14.0
Dodging        | 3 4 5 6 8 9 11 12 | 12.9
Shields        | 3 5 |  5.4

Action                     |  1- 3 |  4- 6 |  7- 9 | 10-12 | 13-15 || total
---------------------------+-------+-------+-------+-------+-------++-------
  Melee: Hand axe          |    75 |    49 |       |       |       ||   124
         Headbutt          |     8 |    19 |    31 |    77 |    16 ||   151
         Punch             |     1 |       |     3 |     1 |       ||     5
         Broad axe         |       |    42 |   158 |   298 |    78 ||   576
         War axe           |       |       |       |    45 |       ||    45
  Throw: Dart              |       |       |     1 |     7 |       ||     8
 Invoke: Berserk           |       |     2 |     3 |     7 |     1 ||    13
         Trog's Hand       |       |       |       |     3 |     2 ||     5
         Brothers in Arms  |       |       |       |       |     1 ||     1
    Use: Scroll            |       |       |       |     8 |    11 ||    19
   Stab: Sleeping          |     1 |       |       |       |       ||     1
 Armour: Animal skin       |    12 |       |       |       |       ||    12
         Chain mail        |    17 |    43 |    91 |     6 |       ||   157
         Ring mail         |       |       |       |   104 |    30 ||   134
  Dodge: Dodged            |    29 |    45 |   106 |   379 |    62 ||   621
  Block: Kite shield       |       |       |       |    54 |    60 ||   114
